Map: Ley Lines

Players

herO

  • Race: Protoss Protoss
  • Spawn Location: 7:00

Reynor - Winner!

  • Race: Zerg Zerg
  • Spawn Location: 1:00

Event: DreamHack Dallas 2025

VOD

Have the link to the VOD?

Description

Time

  • Played on: May 24, 2025, 12:28 p.m.
  • Length: 8:15

All games in this series

Show
View Real Time Build Order
Export as new Build Order

herO Protoss 

Build Orders: 1 Gate Expand, Oracle Opening 

Get SALT Encoding   

  12  0:00  Probe  
  13  0:12  Probe  
  14  0:20  Pylon  
  14  0:25  Probe  
  15  0:34  Probe  
  15  0:42  Probe  
  16  0:45  Gateway  
  16  0:49  Assimilator  
  17  0:52  Probe  
  18  1:04  Probe  
  19  1:16  Probe  
  20  1:26  Nexus  
  20  1:36  Cybernetics Core  
  20  1:39  Probe  
  21  1:46  Assimilator  
  21  1:51  Probe  
  22  1:55  Pylon  
  22  2:03  Adept  
  22  2:04  Probe  
  25  2:16  Probe  
  25  2:18  Stargate  
  26  2:27  Warp Gate  
  26  2:28  Probe  
  27  2:33  Adept  
  27  2:35  Probe  
  29  2:40  Probe  
  29  2:43  Probe  
  32  2:52  Probe  
  32  2:53  Probe  
  32  2:54  Oracle  
  34  3:03  Adept  
  39  3:05  Probe  
  39  3:06  Probe  
  39  3:11  Pylon  
  41  3:18  Probe x2  
  43  3:23  Gateway  
  43  3:30  Oracle, Probe x2  
  48  3:42  Probe x2  
  50  4:00  Probe x2  
  50  4:02  Oracle  
  53  4:16  Probe  
  54  4:21  Assimilator  
  54  4:22  Pylon, Assimilator  
  53  4:24  Probe  
  53  4:25  Adept  
  53  4:26  Nexus  
  53  4:27  Pylon  
  53  4:33  Probe  
  54  4:40  Pylon, Adept  
  54  4:43  Probe  
  54  4:45  Probe  
  58  4:47  Twilight Council  
  58  4:50  Forge  
  58  4:55  Probe  
  58  4:57  Probe  
  60  5:01  Stalker  
  60  5:02  Stalker  
  60  5:06  Gateway  
  61  5:07  Blink  
  61  5:08  Gateway  
  61  5:10  Probe x2  
  63  5:14  Protoss Ground Weapons Level 1  
  63  5:20  Probe x2  
  63  5:28  Probe x2  
  65  5:29  Shield Battery  
  65  5:34  Stalker x2  
  65  5:35  Probe  
  71  5:36  Probe  
  71  5:39  Probe  
  74  5:43  Probe  
  74  5:48  Probe  
  76  5:51  Probe  
  76  5:52  Templar Archives  
  76  5:53  Probe, Assimilator  
  78  5:57  Assimilator  
  78  6:01  Probe  
  78  6:02  Pylon  
  78  6:03  Probe  
  80  6:07  Probe  
  81  6:11  Stalker x2  
  81  6:12  Stalker  
  81  6:13  Probe  
  81  6:15  Pylon, Probe  
  81  6:17  Psionic Storm  
  89  6:20  Photon Cannon  
  89  6:25  Probe  
  90  6:27  Probe  
  91  6:39  Gateway, High Templar  
  93  6:41  Gateway  
  93  6:43  Gateway  
  93  6:47  Probe  
  93  6:50  High Templar x2  
  93  6:51  Zealot  
  100  6:55  Gateway, Photon Cannon  
  100  7:00  Pylon  
  100  7:05  Nexus  
  100  7:08  Pylon  
  100  7:14  Pylon, Photon Cannon  
  100  7:18  Gateway  
  100  7:30  Stalker x2  
  100  7:31  Stalker x2  
  94  7:44  Stalker x2  
  94  7:45  Stalker  
  70  8:03  Stalker x5  
  53  8:08  Stalker  
Show
View Real Time Build Order
Export as new Build Order

Reynor Zerg - Winner!

Build Orders: Hatch First 

Get SALT Encoding   

  12  0:00  Drone  
  13  0:08  Drone  
  14  0:15  Drone, Extractor  
  15  0:21  Overlord  
  15  0:40  Drone  
  16  0:44  Drone  
  16  0:49  Hatchery  
  16  0:52  Drone  
  16  0:56  Drone  
  18  1:08  Extractor  
  17  1:12  Spawning Pool  
  17  1:15  Drone  
  17  1:20  Drone  
  18  1:26  Drone  
  19  1:38  Drone  
  20  1:48  Overlord  
  20  1:58  Queen  
  22  2:02  Drone x2, Queen  
  26  2:10  Zergling x2  
  26  2:13  Zergling x2  
  26  2:15  Metabolic Boost  
  28  2:20  Drone  
  28  2:22  Drone  
  30  2:33  Drone  
  31  2:37  Queen  
  31  2:42  Zergling x2  
  34  2:49  Hatchery  
  33  2:52  Overlord  
  33  2:56  Drone  
  33  2:57  Drone  
  35  2:59  Drone  
  36  3:10  Drone x2  
  40  3:14  Drone x4  
  42  3:22  Overlord  
  42  3:24  Drone  
  42  3:25  Spore Crawler  
  42  3:27  Queen  
  42  3:34  Overlord  
  44  3:41  Drone, Queen  
  45  3:45  Zergling x2  
  45  3:46  Zergling x2  
  45  3:47  Zergling x4  
  51  3:52  Drone  
  51  3:55  Drone x2  
  54  3:56  Zergling x2  
  54  3:59  Zergling x2  
  55  4:03  Queen  
  55  4:05  Drone x2  
  59  4:11  Overlord  
  59  4:12  Drone  
  59  4:16  Drone  
  59  4:19  Spore Crawler  
  59  4:21  Drone  
  59  4:22  Drone x2  
  59  4:23  Drone x2  
  63  4:27  Overlord  
  63  4:29  Drone x2  
  64  4:31  Drone  
  64  4:32  Drone  
  64  4:34  Drone  
  67  4:38  Drone  
  67  4:41  Spore Crawler  
  67  4:44  Drone x2  
  67  4:45  Evolution Chamber  
  68  4:51  Drone x2  
  70  4:58  Hatchery  
  69  5:00  Drone x5  
  74  5:08  Zergling x10  
  74  5:10  Zerg Melee Weapons Level 1  
  74  5:13  Drone, Roach Warren  
  79  5:16  Drone x2  
  79  5:18  Overlord  
  79  5:19  Drone  
  82  5:25  Overlord  
  82  5:26  Extractor  
  82  5:27  Lair, Extractor  
  82  5:28  Extractor  
  79  5:33  Overlord  
  79  5:37  Drone x4  
  79  5:39  Zergling x10  
  88  5:43  Queen  
  88  5:45  Overlord  
  90  5:53  Zergling x10  
  90  5:55  Overlord  
  95  6:05  Zergling x2, Roach x4  
  95  6:06  Zergling x2, Pneumatized Carapace, Roach  
  95  6:08  Overlord  
  95  6:10  Roach  
  109  6:13  Roach x2  
  109  6:14  Zergling x2  
  114  6:20  Overlord  
  114  6:21  Roach x2  
  117  6:27  Roach  
  117  6:32  Ravager  
  118  6:33  Zergling x8  
  118  6:35  Zergling x6  
  118  6:37  Ravager  
  118  6:39  Zergling x4  
  128  6:40  Zergling x2  
  128  6:44  Zergling x6  
  132  6:49  Overlord  
  132  6:53  Zergling x2  
  132  6:54  Queen  
  132  6:59  Queen  
  132  7:00  Zergling x14  
  143  7:04  Overlord  
  143  7:07  Overlord  
  143  7:10  Zergling x4  
  143  7:11  Zergling x4  
  143  7:12  Ravager x3  
  143  7:14  Overlord  
  150  7:18  Ravager  
  150  7:19  Overlord  
  150  7:21  Overlord  
  151  7:24  Zergling x2, Roach x2  
  151  7:25  Zergling x4  
  151  7:26  Ravager x2  
  151  7:27  Zergling x4  
  158  7:30  Roach  
  158  7:36  Zergling x4  
  158  7:37  Zergling x2, Ravager  
  158  7:40  Zergling x6  
  158  7:43  Roach  
  152  7:46  Zergling x4  
  152  7:49  Zergling x2  
  152  7:50  Zergling x4  
  150  7:52  Roach  
  150  7:57  Zergling x2  
  146  7:58  Zergling x2  
Tags
 
Add a new tag
Caveats
  • Supply blocks, unpowered buildings, or Contaminate may cause inaccurate times.
  • Supply counts are checked every 10 seconds.